 Dungeon Crawl Stone Soup version 0.29.1-1-gd02db6906a (webtiles) character file.

Game seed: 5376531959947857621

6419 GeoRichter the Cleaver (level 10, -2/82 HPs)
             Began as a Demonspawn Artificer on Oct 17, 2022.
             Was a Follower of Makhleb.
             Slain by a killer bee (6 damage)
             ... on level 8 of the Dungeon.
             The game lasted 00:29:24 (13974 turns).

GeoRichter the Cleaver (Demonspawn Artificer)      Turns: 13974, Time: 00:29:24

Health: -2/82      AC: 11    Str: 18    XL:     10   Next: 66%
Magic:  12/12      EV:  8    Int: 12    God:    Makhleb [*.....]
Gold:   281        SH:  7    Dex: 19    Spells: 9/9 levels left

rFire   . . .      SeeInvis +   w - +2 broad axe (elec)
rCold   . . .      Faith    .   H - +2 buckler
rNeg    . . .      Spirit   .   y - +0 chain mail
rPois   .          Reflect  .   (helmet restricted)
rElec   .          Harm     .   (no cloak)
rCorr   .          Rampage  .   o - +0 pair of gloves
Will    .....                   L - +0 pair of boots
Stlth   ..........              a - amulet of the acrobat
HPRegen 1.23/turn               i - +6 ring of dexterity
MPRegen 0.26/turn               b - ring of see invisible

@: no status effects
A: horns 2, powered by death 1, magic regeneration
a: Renounce Religion


You were on level 8 of the Dungeon.
You worshipped Makhleb.
Makhleb was aware of your devotion.
You visited 1 branch of the dungeon, and saw 9 of its levels.

You collected 449 gold pieces.
You spent 168 gold pieces at shops.

Inventory:

Hand Weapons
 r - a +0 hand axe of venom
   (You took it off an orc on level 3 of the Dungeon)
 w - a +2 broad axe of electrocution (weapon)
   (You bought it in a shop on level 1 of the Dungeon)
 G - a +0 morningstar
   (You found it on level 5 of the Dungeon)
Missiles
 x - a throwing net {!f}
Armour
 o - a +0 pair of gloves (worn)
   (You found it on level 2 of the Dungeon)
 y - a +0 chain mail (worn)
   (You found it on level 1 of the Dungeon)
 H - a +2 buckler (worn)
   (You found it on level 6 of the Dungeon)
 L - a +0 pair of boots (worn)
   (You found it on level 8 of the Dungeon)
 M - a +0 kite shield
   (You took it off a gnoll sergeant on level 8 of the Dungeon)
Jewellery
 a - an amulet of the acrobat (around neck)
   (You found it on level 1 of the Dungeon)
 b - a ring of see invisible (right hand)
   (You found it on level 2 of the Dungeon)
 i - a +6 ring of dexterity (left hand)
   (You found it on level 1 of the Dungeon)
 D - a ring of wizardry
   (You found it on level 5 of the Dungeon)
Wands
 d - a wand of charming (10)
 e - a wand of iceblast (22)
 u - a wand of light (11)
   (You found it on level 4 of the Dungeon)
Scrolls
 h - a scroll of brand weapon {unknown}
 k - 2 scrolls of fear {unknown}
 l - 18 scrolls of identify {unknown}
 m - 7 scrolls of teleportation {@r4}
 s - a scroll of enchant weapon {unknown}
 v - 2 scrolls of amnesia {unknown}
 E - 2 scrolls of magic mapping {unknown}
 F - 2 scrolls of silence {unknown}
 I - a scroll of noise {unknown}
 J - a scroll of enchant armour {unknown}
Potions
 c - a potion of attraction {unknown}
 f - 4 potions of heal wounds {unknown}
 g - 4 potions of flight {unknown}
 j - 2 potions of resistance {unknown}
 n - 3 potions of degeneration {unknown}
 p - 2 potions of berserk rage {unknown}
 q - 2 potions of might {unknown}
 t - a potion of invisibility {unknown}
 A - a potion of cancellation {unknown}
 B - a potion of brilliance {unknown}
 C - a potion of mutation {unknown}
 K - a potion of lignification {unknown}


   Skills:
 + Level 8.7 Fighting
 * Level 10.5 Axes
 + Level 3.5 Armour
 + Level 3.1 Dodging
 - Level 0.8 Stealth
 + Level 2.9 Shields
 + Level 3.2 Invocations
 - Level 5.0 Evocations


You had 9 spell levels left.
You didn't know any spells.
Your spell library contained the following spells:

 Spells                   Type           Power      Damage    Failure   Level
 Gell's Gravitas          Tloc           0%         N/A       100%        3
 Lesser Beckoning         Tloc           0%         N/A       100%        3
 Ozocubu's Armour         Ice            0%         N/A       100%        3
 Portal Projectile        Hex/Tloc       0%         N/A       100%        3
 Summon Guardian Golem    Hex/Summ       0%         N/A       100%        3
 Teleport Other           Tloc           0%         N/A       100%        3
 Tukima's Dance           Hex            0%         N/A       100%        3
 Blade Hands              Tmut           0%         N/A       100%        5
 Metabolic Englaciation   Hex/Ice        0%         N/A       100%        5
 Summon Forest            Summ/Tloc      0%         N/A       100%        5
 Summon Mana Viper        Hex/Summ       0%         N/A       100%        5
 Simulacrum               Ice/Necr       0%         N/A       100%        6
 Summon Cactus Giant      Summ           0%         N/A       100%        6
 Orb of Destruction       Conj           0%         9d5       100%        7
 Spellforged Servitor     Conj/Summ      0%         N/A       100%        7


Dungeon Overview and Level Annotations

Branches:
Dungeon (9/15) Zot: 26840  Temple (0/1) D:7
   Lair: D:8-11         Orc: D:9-12

Altars:
Ashenzari
Fedhas
Kikubaaqudgha
Makhleb
Nemelex Xobeh
Qazlal
Trog
Uskayaw
Vehumet
Wu Jian
Xom

Shops:
D:1 (   D:5 :(

Annotations:
D:4 1 runed translucent door, H0rd4k's ghost, amateur OpTm
D:6 exclusion: statue


Innate Abilities, Weirdness & Mutations

You have a pair of horns on your head.
You regenerate a little health from kills.
You regenerate magic rapidly.


Message History

The killer bee misses you.
The killer bee attacks as you move away!
The killer bee stings you but does no damage.
You block the killer bee's attack.
The killer bee stings you but does no damage.
You block the killer bee's attack.
There is a stone staircase leading up, spattered with blood here.
You block the killer bee's attack. The killer bee stings you!
* * * LOW HITPOINT WARNING * * *
The killer bee closely misses you.
The killer bee stings you but does no damage.
The killer bee barely misses you. The killer bee stings you.
* * * LOW HITPOINT WARNING * * *
You are poisoned.
The killer bee poisons you! The killer bee stings you.
* * * LOW HITPOINT WARNING * * *
The killer bee stings you but does no damage.
You climb upwards.
* * * LOW HITPOINT WARNING * * *
You feel sick.
There is a stone staircase leading down here.
You feel better.
The killer bee stings you but does no damage.
The killer bee closely misses you.
The killer bee stings you but does no damage.
The killer bee stings you.
* * * LOW HITPOINT WARNING * * *
You are lethally poisoned!
The killer bee poisons you! The killer bee barely misses you.
The killer bee closely misses you.
The killer bee stings you but does no damage.
The killer bee closely misses you.
You feel better. You block the killer bee's attack.
The killer bee stings you but does no damage.
The killer bee barely misses you.
The killer bee stings you but does no damage. x2
The killer bee stings you!
* * * LOW HITPOINT WARNING * * *
The killer bee closely misses you.
The killer bee stings you but does no damage.
You hit the killer bee. Your headbutt misses the killer bee.
You hit the killer bee but do no damage.
Lightning courses through the killer bee!
You slash the killer bee!
Lightning courses through the killer bee!
You kill the killer bee!
Makhleb accepts your kill.
You closely miss the killer bee. The killer bee closely misses you.
The killer bee stings you.
You die...

#................#..#..#### #.##.
##.....##.....(.....##....###.###
#############.#.#.............##
#.......####.###....
#.[####......)...##. ##### #..#
###........###
#...####.######...........
#.....##yy#...............
##..#..#.@y.###...........
########..#...[.####...........
#.........#...)................
#..............................
#.............#...##..##...####
###'##...##......<....##.......
##8.8##..........###.###.......
##.....##..............##.......
##8.....8##..>..........##.......


You could see 3 killer bees.

Vanquished Creatures
  A hydra (D:8)
  Grinder (D:6)
  A hornet (D:9)
  Sigmund (D:7)
  A wyvern (D:8)
  A wraith (D:6)
  Grum (D:8)
  A basilisk (D:8)
  A steam dragon (D:7)
  Edmund (D:7)
  2 acid dragons
  A water moccasin (D:8)
  An orc warrior (D:5)
  A black bear (D:5)
  4 ice beasts
  3 ogres
  4 wolves (D:8)
  4 phantoms
  2 kobold brigands
  Blork the orc (D:6)
  3 bullfrogs
  4 scorpions
  3 necrophages
  3 gnoll sergeants
  7 killer bees
  6 howler monkeys
  An orc priest (D:3)
  4 hounds
  2 gnoll boudas (D:3)
  5 iguanas
  Jessica (D:3)
  9 orc wizards
  44 gnolls
  3 adders
  A white imp (D:6)
  An ufetubus (D:6)
  2 worms
  2 dart slugs
  39 orcs
  A bat (D:1)
  7 endoplasms
  5 giant cockroaches
  7 goblins
  9 hobgoblins
  17 jackals
  2 quokkas (D:5)
  6 ball pythons
  4 frilled lizards
  12 kobolds
  2 rats
245 creatures vanquished.

Vanquished Creatures (others)
  A killer bee (D:9)
  5 plants
6 creatures vanquished.

Grand Total: 251 creatures vanquished

Notes
Turn   | Place    | Note
-------+----------+-------------------------------------------
     0 | D:1      | GeoRichter the Demonspawn Artificer began the quest for the
                  | Orb.
     0 | D:1      | Reached XP level 1. HP: 15/15 MP: 1/1
   668 | D:1      | Gained mutation: You regenerate magic rapidly. [demonic
                  | ancestry]
   668 | D:1      | Reached XP level 2. HP: 19/21 MP: 2/2
   698 | D:1      | Found Taivecs's Antique Weapon Boutique.
  1662 | D:2      | Reached XP level 3. HP: 25/27 MP: 3/3
  2802 | D:3      | Reached XP level 4. HP: 6/34 MP: 4/4
  3246 | D:3      | Reached skill level 5 in Evocations
  3246 | D:3      | Gained mutation: You regenerate a little health from kills.
                  | [demonic ancestry]
  3246 | D:3      | Reached XP level 5. HP: 21/40 MP: 5/5
  3397 | D:3      | Noticed an ogre
  3399 | D:3      | Killed an ogre
  3400 | D:3      | Reached skill level 1 in Axes
  3403 | D:3      | Noticed Jessica
  3423 | D:3      | Killed Jessica
  3424 | D:3      | Reached skill level 2 in Axes
  3456 | D:3      | Found an ornate altar of the Wu Jian Council.
  3475 | D:3      | Found a faded altar of an unknown god.
  3916 | D:3      | Found a shimmering altar of Xom.
  3929 | D:3      | Gained mutation: You have a pair of small horns on your
                  | head. [demonic ancestry]
  3929 | D:3      | Reached XP level 6. HP: 47/47 MP: 6/6
  4174 | D:3      | Reached skill level 3 in Axes
  4920 | D:3      | Reached XP level 7. HP: 13/54 MP: 7/7
  4937 | D:2      | Reached skill level 4 in Axes
  5544 | D:1      | Bought a runed broad axe for 168 gold pieces
  6294 | D:3      | Reached skill level 5 in Axes
  6618 | D:4      | Noticed H0rd4k's ghost (amateur OpTm)
  6631 | D:4      | Reached skill level 5 in Fighting
  7321 | D:4      | Gained mutation: You have a pair of horns on your head.
                  | [demonic ancestry]
  7321 | D:4      | Reached XP level 8. HP: 28/62 MP: 8/8
  7540 | D:4      | Found a hide-covered altar of Uskayaw.
  7760 | D:4      | Found a runed translucent door.
  7837 | D:4      | Reached skill level 6 in Axes
  8257 | D:4      | Found an ancient bone altar of Kikubaaqudgha.
  8456 | D:5      | Entered Level 5 of the Dungeon
  8468 | D:5      | Found a stormy altar of Qazlal.
  8798 | D:5      | Found Kodaren's Weapon Shoppe.
  8867 | D:5      | Found Jyboisadu's Book Shop.
  9173 | D:5      | Reached skill level 7 in Axes
  9231 | D:5      | You fall into a shaft and drop 3 floors!
  9295 | D:6      | Noticed Blork the orc
  9304 | D:6      | Killed Blork the orc
  9537 | D:6      | Found a blossoming altar of Fedhas.
  9684 | D:6      | Reached XP level 9. HP: 62/71 MP: 9/9
  9779 | D:5      | Reached skill level 8 in Axes
  9779 | D:5      | Found a bloodstained altar of Trog.
 10973 | D:6      | Reached skill level 9 in Axes
 10980 | D:6      | Noticed Grinder
 11129 | D:6      | Paralysed by Grinder for 4 turns
 11136 | D:6      | Killed Grinder
 11703 | D:6      | Found a radiant altar of Vehumet.
 11927 | D:7      | Reached skill level 1 in Dodging
 12169 | D:7      | Reached skill level 1 in Shields
 12248 | D:7      | Found a burning altar of Makhleb.
 12256 | D:7      | Became a worshipper of Makhleb the Destroyer
 12272 | D:7      | Found a broken altar of Ashenzari.
 12324 | D:7      | Found a staircase to the Ecumenical Temple.
 12347 | D:7      | Reached XP level 10. HP: 78/80 MP: 10/10
 12392 | D:7      | Noticed Edmund
 12394 | D:7      | Noticed Sigmund
 12395 | D:7      | Killed Edmund
 12396 | D:7      | Killed Sigmund
 12617 | D:8      | Reached skill level 10 in Axes
 12617 | D:8      | Reached skill level 1 in Invocations
 13075 | D:8      | Noticed a four-headed hydra
 13346 | D:8      | Killed a four-headed hydra
 13395 | D:8      | Found a sparkling altar of Nemelex Xobeh.
 13493 | D:8      | Noticed Grum
 13510 | D:8      | Killed Grum
 13516 | D:8      | Reached * piety under Makhleb
 13970 | D:9      | HP: 3/82 [killer bee (3)]
 13971 | D:8      | HP: 1/82 [poisoned by a killer bee]
 13974 | D:8      | Slain by a killer bee

Illustrated notes

Levels and vault maps discovered:
D:1:      spicycebolla_green_bress_n_ham_2, layout_loops_ring, serial_shops,
          shop
D:2:      layout_loops_ring, patterned_corridor
D:3:      lemuel_castle_with_subvaults [lemuel_castle_interior_original],
          layout_basic, mainiacjoe_overflow_small_starburst, xom_teletrap_fun,
          hellmonk_ecumenical_altar_pennies_from_heaven, uniq_jessica
D:4:      wander_river, layout_basic, general_overflow_altar,
          eat_drink_and_be_merry_uskayaw, hellmonk_ghost_happy_afterlife
D:5:      layout_basic, trog_three_pillars_becter,
          nicolae_qazlal_scattered_showers, serial_shops,
          nicolae_shop_hallway_stairs, nicolae_shop_bloodbath_and_beyond,
          portal_sewer_entry_f
D:6:      layout_cave_pods, mainiacjoe_overflow_tiny_flanked, vehumet_statue,
          grunt_ministairs_15, uniq_blork_the_orc, uniq_grinder
D:7:      layout_cave_pools, kennysheep_little_box, kennysheep_mini_moat,
          zin_academy, minmay_temple_entry_from_below_a, enter_bailey_4,
          sigmund_edmund_badplayer
D:8:      wad_cavern_with_rooms, layout_rooms,
          mainiacjoe_overflow_surrounded_room, dk_noncrumbling_4, uniq_grum
D:9:      layout_rooms, orc_0_dummy, minmay_fractal_squares_diagonal_5,
          uniq_erica, uniq_maurice

Skill      XL: |  1  2  3  4  5  6  7  8  9 10 |
---------------+-------------------------------+-----
Evocations     | 4 5 |  5.0
Fighting       | 2 3 4 5 6 8 |  8.7
Axes           | 2 3 5 7 9 10 | 10.5
Dodging        | 1 3 |  3.1
Armour         | 2 3 |  3.5
Shields        | 1 2 |  2.9
Invocations    | 3 |  3.2
Stealth        | |  0.8

Action                   |  1- 3 |  4- 6 |  7- 9 | 10-12 || total
-------------------------+-------+-------+-------+-------++-------
Melee: Hand axe          |   143 |   138 |   323 |       ||   604
       Club              |     5 |       |       |       ||     5
       Punch             |     1 |     1 |     6 |       ||     8
       Dagger            |       |    32 |    69 |       ||   101
       Headbutt          |       |    25 |   109 |    11 ||   145
       Broad axe         |       |       |    72 |    85 ||   157
Evoke: Wand              |     9 |    13 |     3 |    13 ||    38
  Use: Potion            |       |       |       |     2 ||     2
       Scroll            |       |       |       |     1 ||     1
 Stab: Sleeping          |     1 |       |       |       ||     1
       Distracted        |       |     1 |       |       ||     1
       Invisible         |       |       |     1 |     1 ||     2
Armor: Leather armour    |    16 |       |       |       ||    16
       Ring mail         |    40 |    51 |     3 |       ||    94
       Scale mail        |       |       |    67 |       ||    67
       Chain mail        |       |       |    83 |    56 ||   139
Dodge: Dodged            |    86 |   113 |   222 |    51 ||   472
Block: Buckler           |       |       |    18 |    48 ||    66
